 Dungeon Crawl Stone Soup version 0.17.0-25-gefc9c12 (webtiles) character file.

66 Gravenous the Chiller (level 3, -4/21 HPs)
             Began as a High Elf Ice Elementalist on Nov 18, 2015.
             Killed by divine providence
             ... invoked by an orc priest
              (14 damage)
             ... on level 3 of the Dungeon.
             The game lasted 00:05:09 (2085 turns).

Gravenous the Chiller (High Elf Ice Elementalist)   Turns: 2085, Time: 00:05:09

Health: -4/21      AC:  2    Str:  7    XL:     3   Next: 96%
Magic:  1/8        EV: 13    Int: 19    God:
Gold:   122        SH:  0    Dex: 16    Spells: 3 memorised, 2 levels left

rFire  x . .     SeeInvis .     l - +0 rapier
rCold  + . .     Clarity  .     a - +0 robe
rNeg   . . .     SustAt   .     (no shield)
rPois  .         Gourm    .     (no helmet)
rElec  .         Spirit   .     (no cloak)
rCorr  .         Warding  .     (no gloves)
rMut   .         Stasis   .     (no boots)
MR     +....                    (no amulet)
Stlth  ++........               o - ring of ice
                                p - ring of protection from magic

@: very slightly contaminated, somewhat resistant to hostile enchantments,
unstealthy
A: no striking features
a: no special abilities


You were on level 3 of the Dungeon.
You were not hungry.

You visited 1 branch of the dungeon, and saw 3 of its levels.

You collected 122 gold pieces.

Inventory:

Hand Weapons
 l - a +0 rapier (weapon)
Armour
 a - a +0 robe (worn)
Jewellery
 m - an uncursed ring of fire
 o - a ring of ice (right hand)
 p - a ring of protection from magic (left hand)
Wands
 t - a wand of slowing (4)
Scrolls
 d - a scroll of remove curse {unknown}
 e - 3 scrolls of identify {unknown}
 h - 4 scrolls of teleportation {unknown}
 k - a scroll of amnesia {unknown}
 n - a scroll of recharging {unknown}
 s - a scroll of fog {unknown}
Potions
 f - a potion of lignification {unknown}
 i - a potion of curing
 q - a potion of might {unknown}
 r - a potion of agility {unknown}
Books
 b - a book of Frost

   Spells                             Type                      Level
   a - Freeze                         Ice                          1
   b - Throw Frost                    Conjuration/Ice              2
   c - Ozocubu's Armour               Charms/Ice                   3
   d - Throw Icicle                   Conjuration/Ice              4
   e - Summon Ice Beast               Ice/Summoning                4
   f - Condensation Shield            Ice                          4
Comestibles
 c - 2 bread rations
 g - a meat ration
 j - a royal jelly


   Skills:
 - Level 2.1 Dodging
 + Level 2.9 Stealth
 + Level 3.0 Spellcasting
 * Level 2.0 Conjurations
 * Level 3.9 Ice Magic


You had 2 spell levels left.
You knew the following spells:

 Your Spells              Type           Power        Failure   Level  Hunger
a - Freeze                Ice            ####         3%          1    None
b - Ozocubu's Armour      Chrm/Ice       ###.....     21%         3    ###....
d - Throw Frost           Conj/Ice       ###...       10%         2    ##.....


Dungeon Overview and Level Annotations

Branches:
Dungeon (3/15)

Altars:
Cheibriados


Message History

Drink which item? (? for menu, Esc to quit)
You feel better. The orc priest barely misses you.
You hit the orc priest but do no damage.
The orc priest is severely wounded.
The orc priest hits you with a club.
You barely miss the orc priest.
The orc priest is severely wounded.
The orc priest completely misses you.
You hit the orc priest but do no damage.
The orc priest is severely wounded.
The orc priest looks braver for a moment.
You barely miss the orc priest.
The orc priest is severely wounded.
The orc priest hits you with a club.
You hit the orc priest but do no damage.
The orc priest is severely wounded.
The orc priest calls down the wrath of Beogh upon you.
Something smites you!
Ouch! That really hurt!
You die...

....# #......# #.....#..8##(.
....# #......# #.....#..##...
....+ ##......######.....#.##....
....#.#####..)'....'.....#.####.#
#.....# #...######.....#.......
#..########.### #.....###.#.#(
#.........#.# #.....# #.#...
....#####.#.########.....###.###.
.............ooo@.....>......####
....#########.#######............
...........รท....#...#(.######....
.........[###.#.#<#.#....# #.###
..........#.#.#.###.#.##(# #.###
..........#.#.# #......#.# #....
#........h#.... #...#..#.# #####
#.........#.#.##########.#
.......................#


You could see an orc priest and 2 orcs.

Vanquished Creatures
  An adder (D:3)
  An ooze (D:1)
  5 orcs
  A ball python (D:3)
  7 bats
  3 hobgoblins
  3 giant geckos
  4 giant newts
  7 goblins
  2 jackals (D:3)
  10 kobolds
  3 rats
47 creatures vanquished.

Notes
Turn   | Place    | Note
--------------------------------------------------------------
     0 | D:1      | Gravenous the High Elf Ice Elementalist began the quest for the Orb.
     0 | D:1      | Reached XP level 1. HP: 11/11 MP: 4/4
   122 | D:1      | Reached XP level 2. HP: 17/17 MP: 3/6
   577 | D:2      | Learned a level 2 spell: Throw Frost
   954 | D:2      | You fall through a shaft!
   970 | D:3      | Reached XP level 3. HP: 14/21 MP: 1/8
  1410 | D:3      | Learned a level 3 spell: Ozocubu's Armour
  1547 | D:2      | Found a snail-covered altar of Cheibriados.
  2085 | D:3      | Killed from afar by an orc priest

Action                   || total
-------------------------++-------
Melee: Unarmed           ||    11
       Dagger            ||     2
       Rapier            ||    20
 Cast: Freeze            ||    66
       Throw Frost       ||     7
  Use: Potion            ||     2
 Stab: Sleeping          ||     2
  Eat: Chunk             ||     4
